 Dungeon Sprint DCSS version 0.16.2-12-gd0ad4c3 (webtiles) character file.

12 musteatbrain the Chopper (level 3, -3/46 HPs)
             Began as a Demonspawn Berserker on Oct 15, 2015.
             Was a Believer of Trog.
             Slain by a goliath beetle (12 damage)
             ... in the Dungeon (Sprint VI: "Thunderdome").
             The game lasted 00:03:16 (221 turns).

musteatbrain the Chopper (Demonspawn Berserker)      Turns: 221, Time: 00:03:17

Health: -3/46      AC:  3    Str: 27    XL:     3   Next: 26%
Magic:  3/3        EV: 12    Int:  8    God:    Trog [**....]
Gold:   40         SH:  0    Dex: 15    Spells: 0 memorised, 2 levels left

rFire  . . .     SeeInvis .     a - +0 hand axe
rCold  . . .     Clarity  .     b - +0 animal skin
rNeg   . . .     SustAb   .     (no shield)
rPois  +         Gourm    .     (no helmet)
rElec  .         Spirit   .     (no cloak)
rCorr  .         Warding  .     (no gloves)
rMut   .         NoTele   +     (no boots)
MR     ++...                    p - amulet "Clics" {Regen+ Dex+3}
Stlth  ..........               o - ring "Twouf" {+Fly Slay+4}
                                q - ring of Ghaoc {rPois Str+4}

@: berserking, regenerating, very quick, very resistant to hostile enchantments,
extremely unstealthy
A: rugged brown scales 1
a: Burn Spellbooks, Berserk, Trog's Hand, Renounce Religion, Evoke Flight


You were in the Dungeon.
You worshipped Trog.
Trog was pleased with you.
You were not hungry.

You visited 1 branch You collected 220 gold pieces.
You spent 180 gold pieces at shops.

Inventory:

Hand weapons
 a - a +0 hand axe (weapon)
Armour
 b - a +0 animal skin (worn)
Jewellery
 o - the ring "Twouf" (right hand) {+Fly Slay+4}
   (You bought it in a shop in the Dungeon)

   [ring of flight]

   It affects your accuracy and damage with ranged weapons and melee attacks
   (+4).
   It lets you fly.
 p - the amulet "Clics" (around neck) {Regen+ Dex+3}
   (You bought it in a shop in the Dungeon)

   [amulet of regeneration]

   It affects your dexterity (+3).
   It increases your rate of regeneration.
 q - the ring of Ghaoc (left hand) {rPois Str+4}
   (You bought it in a shop in the Dungeon)

   [ring of poison resistance]

   It affects your strength (+4).
   It protects you from poison.
Magical devices
 k - a wand of cold (5)
 l - a wand of fire (5)
Scrolls
 i - 4 scrolls of blinking
 m - 3 scrolls of fog
Potions
 d - a potion of curing
 e - 4 potions of heal wounds
 f - 4 potions of haste
 g - 2 potions of magic
 h - a potion of berserk rage
 j - a potion of resistance
Comestibles
 c - a bread ration


   Skills:
 + Level 4.7 Fighting
 * Level 5.6 Axes
 - Level 1.7 Armour
 - Level 1.7 Dodging


You had 2 spell levels left.
You didn't know any spells.

Dungeon Overview and Level Annotations

Branches:
Dungeon (1/1)

Altars:
Dithmenos
Fedhas
Gozag
Kikubaaqudgha
Qazlal
Ru
Sif Muna
Trog
Xom
Yredelemnul
Zin
The Shining One
Jiyva

Shops:
D *[%???:(!


Innate Abilities, Weirdness & Mutations

You are partially covered in rugged brown scales (AC +1, +3% HP).


Message History

The goliath beetle bites you!!
Ouch! That really hurt!
You completely miss the goliath beetle.
The goliath beetle is severely wounded.
You hit the goliath beetle but do no damage.
The goliath beetle is severely wounded.
You hit the giant cockroach but do no damage.
The giant cockroach bites you. The goliath beetle bites you!
* * * LOW HITPOINT WARNING * * *
Use which ability? (? or * to list)
Your skin crawls.
You feel resistant to hostile enchantments.
You feel slightly more hungry. The giant cockroach barely misses you.
Use which ability? (? or * to list)
A red film seems to cover your vision as you go berserk!
You feel yourself moving faster!
You feel mighty!
You feel somewhat more hungry.
The giant cockroach bites you but does no damage.
The goliath beetle bites you!
You die...

##### ##⌠§⌠## #.....#
##.....## ##∩.....∩##
#∩.......∩# #_......._#
#_...Bs.._# #....@..._#
###.........###
#⌠...........⌠#
######.8.........8.####
##∩___......###......__.∩
###∩........8.# #.8........
##.............###..........
#⌠..........###...###......
#⌠..........# #.<.# .....


You could see a goliath beetle and a giant cockroach.

Vanquished Creatures
  A hound (D)
  An adder (D)
  An ooze (D)
  A giant newt (D)
  A rat (D)
5 creatures vanquished.

Notes
Turn   | Place    | Note
--------------------------------------------------------------
     0 | D        | musteatbrain, the Demonspawn Berserker, began the quest for the Orb.
     0 | D        | Reached XP level 1. HP: 18/18 MP: 1/1
     1 | D        | Found a glowing silver altar of Zin.
     1 | D        | Found a shimmering altar of Xom.
     2 | D        | Found a stormy altar of Qazlal.
     2 | D        | Found a deep blue altar of Sif Muna.
     3 | D        | Found an ancient bone altar of Kikubaaqudgha.
     4 | D        | Found a basalt altar of Yredelemnul.
     4 | D        | Found Colamearph's Staff Store.
     4 | D        | Found Grexesei's Must-Have Magic.
     5 | D        | Found Praac's Distillery.
     5 | D        | Round 1.
     8 | D        | Found Crep's Magic Scroll Shop.
     9 | D        | Found a sacrificial altar of Ru.
    10 | D        | Found Ruvievva's Magic Scroll Shop.
    17 | D        | Noticed a hound
    24 | D        | Killed a hound
    24 | D        | Reached skill level 4 in Fighting
    24 | D        | Reached skill level 5 in Axes
    24 | D        | Gained mutation: You are partially covered in rugged brown scales (AC +1, +3% HP). [demonic ancestry]
    24 | D        | Reached XP level 2. HP: 19/26 MP: 2/2
   128 | D        | Found a glowing golden altar of the Shining One.
   131 | D        | Reached XP level 3. HP: 26/31 MP: 3/3
   132 | D        | Acquired Trog's second power
   133 | D        | Found a shadowy altar of Dithmenos.
   133 | D        | Found a viscous altar of Jiyva.
   133 | D        | Found Pluxuir's Bee Food.
   133 | D        | Found Creorgh's Jewellery.
   135 | D        | Found an opulent altar of Gozag.
   136 | D        | Found Vecsaiv's Advanced Armour.
   136 | D        | Found a bloodstained altar of Trog.
   144 | D        | Found a blossoming altar of Fedhas.
   145 | D        | Found Tyamo's Identification Station.
   151 | D        | Arena points: 12 (+12) [x2]
   158 | D        | Bought a vibrating jade ring for 45 gold pieces
   158 | D        | Bought a smoking granite ring for 45 gold pieces
   158 | D        | Bought a transparent sapphire amulet for 45 gold pieces
   158 | D        | Identified the ring "Shra Tea" {rPois MR++ Str-2 Int+2 Stlth+} (You bought it in a shop in the Dungeon)
   159 | D        | Identified the ring "Twouf" {+Fly Slay+4} (You bought it in a shop in the Dungeon)
   160 | D        | Identified the amulet "Clics" {Regen+ Dex+3} (You bought it in a shop in the Dungeon)
   161 | D        | Bought a clouded lapis lazuli ring for 45 gold pieces
   162 | D        | Identified the ring of Ghaoc {rPois Str+4} (You bought it in a shop in the Dungeon)
   191 | D        | Round 2.
   221 | D        | Slain by a goliath beetle

Action                   || total
-------------------------++-------
Melee: Hand axe          ||    28
Invok: Berserk           ||     2
       Trog's Hand       ||     2
